 Dungeon Crawl Stone Soup version 0.25-a0-865-gd392131cc7 (webtiles) character file.

Game seed: 15534787348830517928, levelgen mode: deterministic

285 Anathary the Chopper (level 6, -4/42 HPs)
             Began as an Octopode Fighter on Apr 30, 2020.
             Slain by an orc priest
             ... wielding a +0 short sword
              (7 damage)
             ... on level 4 of the Dungeon.
             The game lasted 00:10:26 (3649 turns).

Anathary the Chopper (Octopode Fighter)             Turns: 3649, Time: 00:10:26

Health: -4/42      AC:  1    Str: 15    XL:     6   Next: 29%
Magic:  6/6        EV: 12    Int: 10    God:
Gold:   246        SH:  0    Dex: 14    Spells: 5/5 levels left

rFire    . . .     SeeInvis .   a - +0 war axe
rCold    . . .     Gourm    .   b - +0 kite shield
rNeg     . . .     Faith    .   (helmet restricted)
rPois    .         Spirit   .   (no amulet)
rElec    .         Reflect  .   (no ring)
rCorr    .         Harm     .   (no ring)
MR       .....                  (no ring)
Stlth    ++........             (no ring)
HPRegen  0.14/turn              (no ring)
MPRegen  0.10/turn              (no ring)
                                (no ring)
                                (no ring)

@: confused
A: almost no armour, stealthy swim, amphibious, 8 rings, constrict 8, camouflage
1, gelatinous body 1
a: no special abilities


You were on level 4 of the Dungeon.
You were not hungry.

You visited 1 branch of the dungeon, and saw 4 of its levels.

You collected 246 gold pieces.

Inventory:

Hand Weapons
 a - a +0 war axe (weapon)
Armour
 b - a +0 kite shield (worn)
Jewellery
 s - an uncursed ring of magical power
Scrolls
 f - a scroll of noise {unknown}
 g - 3 scrolls of fog {unknown}
 h - 3 scrolls of amnesia {unknown}
 i - a scroll of enchant armour {unknown}
 j - a scroll of magic mapping {unknown}
 o - a scroll of remove curse {unknown}
 q - a scroll of enchant weapon {unknown}
Potions
 c - a potion of might
 l - a potion of heal wounds
 m - 2 potions of flight
 p - a potion of cancellation
 r - 2 potions of curing {unknown}
 t - a potion of lignification {unknown}
Comestibles
 d - 2 rations


   Skills:
 + Level 3.6 Fighting
 * Level 4.8 Axes
 + Level 3.8 Dodging
 + Level 2.2 Stealth
 + Level 3.6 Shields


You had 5 spell levels left.
You didn't know any spells.
Your spell library was empty.

Dungeon Overview and Level Annotations

Branches:
Dungeon (4/15)
 Temple: D:4-7

Altars:
Ashenzari
Xom


Innate Abilities, Weirdness & Mutations

You cannot wear most types of armour.
You are very stealthy in the water. (Stealth+)
You are amphibious.
You can wear up to eight rings at the same time.
You can use your tentacles to constrict eight enemies at once.
Your skin changes colour to match your surroundings (Stealth+).
Your rubbery body absorbs attacks. (AC +1, EV +1)


Message History

The orc priest hits you but does no damage.
You hit the orc priest. You squeeze the orc priest!
The orc priest is almost dead.
You miss the orc. You slash the orc priest!
The orc hits you but does no damage.
You hear some strange, mumbled words.
Something tries to affect you, but you resist.
The orc priest barely misses you.
Your shield prevents you from hitting the orc priest.
Your squeeze misses the orc priest.
The orc priest is almost dead.
You hit the orc wizard but do no damage.
You closely miss the orc. You hit the orc priest.
You kill the orc priest!
The orc priest invokes the aid of Beogh against you.
Pain shoots through your body!
* * * LOW HITPOINT WARNING * * *
The orc wizard closely misses you.
The orc priest hits you with a +0 short sword!
You die...

...............# ..o.
.............# ... .
##...........# o...
######.####.....# ....
.......# #.....# .....
#####..# #.....# .....
#..# #....o###.#.##.#
#####..####....).........#
..........#.....@o.......#
###.......#.....o........#
#.......#..............#
###.......#.##...........#
..........#.##...........#
..........#.##...........#
..........#.###....##.##.#
###.......#.# #....##.##.#
#.......#.#
#....##.##.##### .


You could see an orc priest, an orc wizard and an orc.

Vanquished Creatures
  An ogre (D:4)
  A hound (D:4)
  An orc wizard (D:3)
  An orc priest (D:4)
  A worker ant (D:4)
  2 adders (D:2)
  3 worms (D:2)
  A dart slug (D:2)
  3 leopard geckos
  4 orcs
  3 ball pythons
  3 giant cockroaches
  4 goblins (D:1)
  9 hobgoblins
  8 bats
  6 frilled lizards
  7 kobolds
  7 rats
65 creatures vanquished.

Notes
Turn   | Place    | Note
-------+----------+-------------------------------------------
     0 | D:1      | Anathary the Octopode Fighter began the quest for the Orb.
     0 | D:1      | Reached XP level 1. HP: 16/16 MP: 1/1
    91 | D:1      | Reached XP level 2. HP: 18/21 MP: 2/2
   737 | D:2      | Reached XP level 3. HP: 24/26 MP: 3/3
   875 | D:2      | HP: 1/26 [poisoned by an adder]
  1208 | D:2      | Reached skill level 1 in Stealth
  1624 | D:2      | Found a shattered altar of Ashenzari.
  1758 | D:2      | Reached skill level 3 in Axes
  1795 | D:2      | Reached XP level 4. HP: 24/31 MP: 4/4
  2146 | D:2      | Found a shimmering altar of Xom.
  2820 | D:3      | Reached XP level 5. HP: 22/36 MP: 5/5
  3297 | D:4      | Noticed an ogre
  3303 | D:4      | Killed an ogre
  3303 | D:4      | Reached skill level 4 in Axes
  3303 | D:4      | Reached XP level 6. HP: 20/42 MP: 6/6
  3508 | D:4      | Noticed a phantom
  3649 | D:4      | Slain by an orc priest

Levels and vault maps discovered:
D:1:      noname_arrival_rooms_in_the_neighbourhood, layout_rooms
D:2:      layout_basic, lemuel_crystal_altar, chequers_serial_rivers_micro_a,
          nicolae_ashenzari_panopticon
D:3:      layout_basic
D:4:      layout_basic, minmay_misc_feat_room, kennysheep_generic_room_15

Skill      XL: |  1  2  3  4  5 |
---------------+----------------+-----
Stealth        | 1 2 |  2.2
Axes           | 3 4 |  4.8
Fighting       | |  3.6
Dodging        | |  3.8
Shields        | |  3.6

Action                   |  1- 3 |  4- 6 || total
-------------------------+-------+-------++-------
Melee: War axe           |    65 |    67 ||   132
       Constrict         |    15 |    18 ||    33
       Tentacles         |    11 |    14 ||    25
  Use: Scroll            |       |     5 ||     5
 Stab: Sleeping          |     5 |     3 ||     8
  Eat: Ration            |     1 |     2 ||     3
Armor: Skin              |     3 |     6 ||     9
Dodge: Dodged            |    19 |    23 ||    42
Block: Kite shield       |    22 |    28 ||    50

Table legend:
 A = Non-vault XP
 B = Vault XP
 C = Vault XP percentage of total XP
 D = Non-vault monster count
 E = Vault monster count
 F = Vault count percentage of total count
                 A         B        C        D         E       F
            +---------+---------+-------+---------+---------+-------
      Total |     408 |       0 |   0.0 |      65 |       0 |   0.0
            +---------+---------+-------+---------+---------+-------
        D:1 |      33 |       0 |   0.0 |      22 |       0 |   0.0
        D:2 |      69 |       0 |   0.0 |      21 |       0 |   0.0
        D:3 |      70 |       0 |   0.0 |      16 |       0 |   0.0
        D:4 |     236 |       0 |   0.0 |       6 |       0 |   0.0
            +---------+---------+-------+---------+---------+-------
